 Dungeon Crawl Stone Soup version 0.28-a0-1429-gf3d713df7a (webtiles) character file.

Game seed: 7236176102193863191

2647 porpoise the Skirmisher (level 9, -1/72 HPs)
             Began as a Demonspawn Transmuter on Jan 9, 2022.
             Killed from afar by Dowan (10 damage)
             ... with a shard of ice
             ... on level 6 of the Dungeon.
             The game lasted 00:27:11 (6416 turns).

porpoise the Skirmisher (Demonspawn Transmuter)     Turns: 6416, Time: 00:27:12

Health: -1/72      AC: 13    Str: 15    XL:     9   Next: 36%
Magic:  13/13      EV: 16    Int: 14    God:
Gold:   87         SH:  4    Dex: 12    Spells: 11/14 levels left

rFire   . . .      SeeInvis .     - Unarmed
rCold   + . .      Faith    .   (no shield)
rNeg    . . .      Spirit   .   o - +2 robe {Will+}
rPois   .          Reflect  .   (helmet currently unavailable)
rElec   .          Harm     .   B - +0 cloak
rCorr   .          Rampage  .   (no gloves)
Will    +....                   (boots currently unavailable)
Stlth   +.........              (no amulet)
HPRegen 0.22/turn               f - +4 ring of protection
MPRegen 0.13/turn               i - ring "Nawac" {+Blink rC+ EV+4 Dex-2}

@: mighty, appendages (expiring), studying Evocations
A: horns 2, talons 2, icemail 1, spiny 2, condensation shield, demonic touch 1
a: End Transformation, Evoke Blink


You were on level 6 of the Dungeon.
You had temporarily grown beastly horns and talons.
You visited 1 branch of the dungeon, and saw 6 of its levels.

You collected 276 gold pieces.
You spent 189 gold pieces at shops.

Inventory:

Hand Weapons
 b - a +0 vorpal hunting sling
 m - a +1 vorpal mace
 w - a +2 short sword of draining
Missiles
 a - 29 poisoned darts
 c - 166 stones
 k - 53 arrows
 v - 3 boomerangs
 F - 6 sling bullets
Armour
 h - a +1 leather armour
 j - a +0 helmet
 o - a +2 robe of willpower (worn)
 p - a +0 pair of boots (melded)
 B - a +0 cloak (worn)
 G - a +2 hat (melded)
Jewellery
 f - a +4 ring of protection (left hand)
 i - the ring "Nawac" (right hand) {+Blink rC+ EV+4 Dex-2}
   (You acquired it on level 4 of the Dungeon)

   [ring of evasion]

   EV:        It affects your evasion (+4).
   Dex:       It affects your dexterity (-2).
   rC:        It protects you from cold.
   +Blink:    It lets you blink.
 l - a ring of magical power
 n - a ring of ice
 u - a ring of resist corrosion
 A - a +6 ring of intelligence
Wands
 g - a wand of flame (10)
 C - a wand of iceblast (11)
Scrolls
 e - 2 scrolls of immolation
 y - a scroll of enchant armour
 E - a scroll of vulnerability
Potions
 r - a potion of magic
 t - 2 potions of mutation
 x - 2 potions of attraction
 z - a potion of brilliance
 D - a potion of degeneration {unknown}


   Skills:
 - Level 7.0 Fighting
 + Level 3.9 Armour
 - Level 1.7 Dodging
 - Level 7.0 Unarmed Combat
 - Level 3.0 Spellcasting
 - Level 5.0 Transmutations
 - Level 5.0 Evocations


You had 11 spell levels left.
You knew the following spells:

 Your Spells              Type           Power      Damage    Failure   Level
a - Beastly Appendage     Tmut           32%        N/A       2%          1
w - Wereblood             Tmut           16%        N/A       4%          2

Your spell library contained the following spells:

 Spells                   Type           Power      Damage    Failure   Level
 Spider Form              Tmut/Pois      9%         N/A       22%         3
 Ignite Poison            Fire/Tmut/Pois 6%         N/A       32%         3
 Gell's Gravitas          Tloc           2%         N/A       54%         3
 Lesser Beckoning         Tloc           2%         N/A       54%         3
 Mephitic Cloud           Conj/Pois/Air  2%         N/A       54%         3
 Teleport Other           Tloc           2%         N/A       54%         3
 Ice Form                 Ice/Tmut       9%         N/A       58%         4
 Freezing Cloud           Conj/Ice/Air   1%         6-21      99%         5


Dungeon Overview and Level Annotations

Branches:
Dungeon (6/15)
 Temple: D:4-7

Altars:
Sif Muna
Vehumet
Xom

Shops:
D:5 ==*

Annotations:
D:6 Dowan


Innate Abilities, Weirdness & Mutations

You have temporarily grown beastly horns and talons.
A meltable icy envelope protects you from harm. (AC +4)
You are mostly covered in sharp spines.
A meltable shield of frost defends you. (SH +4)
Your touch may inflict minor irresistible damage on your foes.


Message History

The vampire mosquito bites your wyvern skeleton.
You feel sick.
Dowan casts a spell.
Dowan blinks!
The vampire mosquito bites your wyvern skeleton!
Your wyvern skeleton bites the vampire mosquito.
You feel sick.
The vampire mosquito bites your wyvern skeleton!
Your wyvern skeleton is destroyed!
Your wyvern skeleton dissolves into shadows!
Your white imp hits the vampire mosquito but does no damage.
You feel sick.
The vampire mosquito misses your white imp.
The vampire mosquito bites your white imp!
Your white imp barely misses the vampire mosquito.
You feel sick.
You are no longer poisoned.
The vampire mosquito closely misses your white imp.
The vampire mosquito bites your white imp but does no damage.
Your white imp gestures at the vampire mosquito.
The puff of frost hits the vampire mosquito.
The vampire mosquito bites your white imp but does no damage.
The vampire mosquito closely misses your white imp.
Your white imp gestures at the vampire mosquito.
The puff of frost hits the vampire mosquito!
The vampire mosquito is destroyed!
There is an open door here.
Your transformation is almost over.
The vampire mosquito is struck by your spines.
The vampire mosquito bites you.
* * * LOW HITPOINT WARNING * * *
The vampire mosquito draws strength from your injuries!
Aiming: Iceblast
Press: ? - help, Shift-Dir - straight line The mass of ice explodes!
The iceblast engulfs the vampire mosquito!!
You destroy the vampire mosquito!
Dowan gestures at you while chanting. The shard of ice hits you!
You partially resist.
You die...

#####################.# ..
#.........°°°°°$$$$$#.##.#
#.###################...
#..○○°....☼○°.°°....#.#
##################+##.#
'......).#............#
########.#.####.#####.# #
#.#.# #....##.# #.#.#
#.@..'..# #.#.# #....####
##...####....'..#
#......###...##e# #......#
##+###.# #......# #.#
#...>..# #y# #......#
#.########### ########
#......5..ye.


You could see Dowan (fast).

Vanquished Creatures
  Pikel (D:5)
  Grinder (D:4)
  Prince Ribbit (D:6)
  2 vampire mosquitoes (D:6)
  A water moccasin (D:6)
  Duvessa (D:6)
  An ice beast (D:6)
  An ogre (D:4)
  A phantom (D:6)
  A kobold brigand (D:6)
  Blork the orc (D:4)
  A scorpion (D:5)
  A water moccasin zombie (D:6)
  A vampire bat (D:3)
  A howler monkey (D:3)
  A centaur zombie (D:5)
  3 orc priests
  A hound (D:5)
  A centaur skeleton (D:5)
  Crazy Yiuf (D:5)
  4 jellies
  A bullfrog skeleton (D:3)
  4 iguanas
  Terence (D:2)
  An orc wizard (D:5)
  Ijyb (D:5)
  A howler monkey zombie (D:6)
  Robin (D:2)
  2 adders
  An ufetubus (D:5)
  2 dart slugs (D:2)
  3 fire bats (D:3)
  13 orcs
  2 spectral bats (D:3)
  4 ball pythons
  3 bat skeletons (D:3)
  A bat zombie (D:3)
  3 endoplasms
  3 giant cockroaches
  10 goblins
  8 hobgoblins
  3 jackals (D:1)
  8 kobolds
  2 quokkas
  15 bats
  A bat simulacrum (D:3)
  A frilled lizard (D:2)
  A rat (D:2)
123 creatures vanquished.

Vanquished Creatures (collateral kills)
  A vampire mosquito (D:6)
1 creature vanquished.

Vanquished Creatures (others)
  A bush (D:4)
  A plant (D:4)
2 creatures vanquished.

Grand Total: 126 creatures vanquished

Notes
Turn   | Place    | Note
-------+----------+-------------------------------------------
     0 | D:1      | porpoise the Demonspawn Transmuter began the quest for the
                  | Orb.
     0 | D:1      | Reached XP level 1. HP: 15/15 MP: 3/3
   433 | D:1      | Gained mutation: You are partially covered in sharp spines.
                  | [demonic ancestry]
   433 | D:1      | Reached XP level 2. HP: 16/21 MP: 1/5
   635 | D:1      | Learned a level 2 spell: Wereblood
  1377 | D:2      | Noticed Robin
  1387 | D:2      | Gained mutation: A meltable shield of frost defends you.
                  | (SH +4) [demonic ancestry]
  1387 | D:2      | Reached XP level 3. HP: 27/27 MP: 2/6
  1390 | D:2      | Noticed Terence
  1392 | D:2      | Killed Robin
  1407 | D:2      | Killed Terence
  1408 | D:2      | Reached XP level 4. HP: 9/34 MP: 3/7
  2246 | D:3      | Found a faded altar of an unknown god.
  2548 | D:3      | Found a shimmering blue altar of Sif Muna.
  2727 | D:3      | Gained mutation: A meltable icy envelope protects you from
                  | harm. (AC +4) [demonic ancestry]
  2727 | D:3      | Reached XP level 5. HP: 41/41 MP: 6/8
  3168 | D:3      | Reached XP level 6. HP: 49/49 MP: 7/9
  3316 | D:4      | Noticed Grinder
  3327 | D:4      | Killed Grinder
  3328 | D:4      | Reached skill level 5 in Fighting
  3328 | D:4      | Reached skill level 5 in Unarmed Combat
  3328 | D:4      | Reached XP level 7. HP: 56/56 MP: 10/10
  3335 | D:4      | Identified 2 scrolls of acquirement
  3335 | D:4      | Acquired a manual of Evocations
  3337 | D:4      | Acquired the ring "Nawac" {+Blink rC+ EV+4 Dex-2}
  3733 | D:4      | Noticed Blork the orc
  3743 | D:4      | Killed Blork the orc
  3934 | D:4      | Found a radiant altar of Vehumet.
  3935 | D:4      | Found a shimmering altar of Xom.
  4393 | D:5      | Entered Level 5 of the Dungeon
  4396 | D:5      | Found Jugagaol's Assorted Antiques.
  4403 | D:5      | Bought a glowing hunting sling for 103 gold pieces
  4403 | D:5      | Bought a bubbling sapphire potion for 20 gold pieces
  4403 | D:5      | Bought a murky red potion for 20 gold pieces
  4403 | D:5      | Bought a scroll of identify for 46 gold pieces
  4784 | D:5      | Noticed Pikel
  4825 | D:5      | Killed Pikel
  4826 | D:5      | Gained mutation: Your touch may inflict minor irresistible
                  | damage on your foes. [demonic ancestry]
  4826 | D:5      | Reached XP level 8. HP: 25/67 MP: 9/11
  5197 | D:5      | Found Nokod's Jewellery Shop.
  5229 | D:5      | Found Xaheon's Jewellery Boutique.
  5308 | D:5      | Found a runed translucent door.
  5309 | D:5      | Noticed Crazy Yiuf
  5317 | D:5      | Killed Crazy Yiuf
  5357 | D:5      | Noticed Ijyb
  5365 | D:5      | Killed Ijyb
  6173 | D:6      | Reached skill level 5 in Evocations
  6187 | D:6      | Noticed Prince Ribbit
  6209 | D:6      | Killed Prince Ribbit
  6210 | D:6      | Reached skill level 1 in Armour
  6210 | D:6      | Gained mutation: You are mostly covered in sharp spines.
                  | [demonic ancestry]
  6210 | D:6      | Reached XP level 9. HP: 53/72 MP: 11/13
  6379 | D:6      | Noticed Duvessa
  6380 | D:6      | Noticed Dowan
  6394 | D:6      | Killed Duvessa
  6397 | D:6      | Reached skill level 5 in Transmutations
  6416 | D:6      | Killed from afar by Dowan

Illustrated notes

Levels and vault maps discovered:
D:1:      lightli_arrival_chessboard, layout_loops_cross, grunt_decor_fettered
D:2:      layout_basic, minmay_nonomino_d4, uniq_terence, uniq_robin
D:3:      layout_basic, led_sif_pool, hellmonk_ecumenical_altar_slurped_away,
          minmay_misc_feat_chi, hex_intersection, goddamned_bats
D:4:      cheibrodos_old_hovel, layout_rooms, gammafunk_temple_overflow_statue,
          serial_forest, infiniplex_forest_zigzag_1, infiniplex_forest_zigzag_1,
          infiniplex_forest_clump_curved, infiniplex_forest_pool,
          infiniplex_forest_side_room, infiniplex_forest_clump_curved,
          infiniplex_forest_split, infiniplex_forest_straight_4,
          minmay_misc_feat_enclosed, uniq_grinder, uniq_blork_the_orc
D:5:      layout_basic, serial_shops, shop, shop, nicolae_shop_hallway_plus,
          uniq_pikel, uniq_ijyb, uniq_crazy_yiuf_cottage
D:6:      lemuel_ice_spiral_2, layout_basic, mainiacjoe_overflow_24_doors,
          enter_ossuary_1, minmay_misc_feat_room,
          eino_small_chamber_without_monster, uniq_prince_ribbit1, uniq_sigmund,
          uniq_duvessa

Skill      XL: |  1  2  3  4  5  6  7  8  9 |
---------------+----------------------------+-----
Unarmed Combat | 3 4 5 7 |  7.0
Fighting       | 2 3 4 5 7 |  7.0
Transmutations | 2 4 5 |  5.0
Evocations     | 2 5 |  5.0
Spellcasting   | 3 |  3.0
Armour         | 1 3 |  3.9
Dodging        | |  1.7

Action                   |  1- 3 |  4- 6 |  7- 9 || total
-------------------------+-------+-------+-------++-------
Melee: Unarmed           |    62 |    41 |   140 ||   243
       Kick              |    15 |     7 |    35 ||    57
       Headbutt          |     7 |     8 |    27 ||    42
       Punch             |     5 |     1 |     7 ||    13
       Touch             |       |       |     9 ||     9
 Fire: Hunting sling     |       |    54 |    44 ||    98
 Cast: Beastly Appendage |    13 |    15 |    29 ||    57
       Wereblood         |     1 |       |       ||     1
Evoke: Wand              |       |       |     1 ||     1
  Use: Scroll            |       |       |    17 ||    17
       Potion            |       |       |     3 ||     3
Armor: Robe              |    13 |    25 |    40 ||    78
       Leather armour    |       |       |     1 ||     1
Dodge: Dodged            |    25 |    36 |    72 ||   133
Block: Other             |     1 |    15 |    18 ||    34

Table legend: (Time is in decaauts)
 A = Elapsed time spent in this place.
 B = Non-inter-level travel time spent in this place.
 C = Inter-level travel time spent in this place.
 D = Time resting spent in this place.
 E = Time spent auto-exploring this place.
 F = Levels seen in this place.
 G = Mean time per level.
                   A        B        C        D        E       F      G
               +--------+--------+--------+--------+--------+-----+--------+
         Total |   6372 |   6157 |    215 |   1550 |   3448 |   6 | 1062.0 |
       Dungeon |   6372 |   6157 |    215 |   1550 |   3448 |   6 | 1062.0 |
               +--------+--------+--------+--------+--------+-----+--------+

Top non-repeatable levels by time:
     D:5: 1610 daAuts
     D:3: 1172 daAuts
     D:1: 1082 daAuts
     D:2: 1081 daAuts
     D:4: 1037 daAuts
     D:6: 387 daAuts
